| TOP OF THE 1ST |
|
Tampa Twisters batting - Pitching for Galveston Sand Crabs : LHP Jose Alvarez
|
|
Pitching: LHP Jose Alvarez
|
|
|
Batting: RHB John Hotchkiss
|
0-0: Swinging Strike 0-1: Called Strike 0-2: Strikes out swinging
|
|
Batting: RHB Andres Thomas
|
0-0: Ball 1-0: Called Strike 1-1: Reached on error, E5 (Groundball, 56, EV 93.1 MPH)
|
|
Batting: RHB Jim Olander
|
0-0: Ball Andres Thomas is caught stealing 2nd base 2-4 1-0: Ball 2-0: Ball 3-0: Base on Balls
|
|
Batting: RHB Benito Santiago
|
0-0: DOUBLE (Line Drive, 7LM, EV 103.1 MPH) Jim Olander to third Runner from 3rd tries for Home, SAFE, no throw by LF
|
|
Batting: SHB Jack Daugherty
|
0-0: Fly out, F9 (Flyball, 9D, EV 103.8 MPH)
|
| Top of the 1st over - 1 run, 1 hit, 1 error, 1 left on base; Tampa 1 - Galveston 0 |
| BOTTOM OF THE 1ST |
|
Galveston Sand Crabs batting - Pitching for Tampa Twisters : LHP Bob Kipper
|
|
Pitching: LHP Bob Kipper
|
|
|
Batting: LHB David Dyrek
|
0-0: Ball 1-0: Ball 2-0: Fly out, F8 (Flyball, 8LD, EV 92.5 MPH)
|
|
Batting: SHB Darryl Wilks
|
0-0: Ball 1-0: Foul Ball, location: 2F 1-1: Ball 2-1: Swinging Strike 2-2: Ground out 1-3 (Groundball, P, EV 69.4 MPH)
|
|
Batting: LHB Van Snider
|
0-0: Swinging Strike 0-1: Ground out 3-1 (Groundball, 34, EV 106.9 MPH)
|
| Bottom of the 1st over - 0 runs, 0 hits, 0 errors, 0 left on base; Tampa 1 - Galveston 0 |
| TOP OF THE 2ND |
|
Tampa Twisters batting - Pitching for Galveston Sand Crabs : LHP Jose Alvarez
|
|
Batting: LHB Jordan Berge
|
0-0: Ball 1-0: Ground out 6-3 (Groundball, 6, EV 76.3 MPH)
|
|
Batting: RHB Willie Ward
|
0-0: Ball 1-0: Ball 2-0: Swinging Strike 2-1: Foul Ball, location: 2F 2-2: Strikes out swinging
|
|
Batting: LHB John Randolph
|
0-0: Called Strike 0-1: Ball 1-1: Ball 2-1: Called Strike 2-2: Foul Ball, location: 2F 2-2: Ball 3-2: Base on Balls
|
|
Batting: LHB Alex Castaneda
|
0-0: Ball 1-0: Ball 2-0: Ball 3-0: Called Strike 3-1: Fly out, F9 (Flyball, 9LD, EV 98.1 MPH)
|
| Top of the 2nd over - 0 runs, 0 hits, 0 errors, 1 left on base; Tampa 1 - Galveston 0 |
| BOTTOM OF THE 2ND |
|
Galveston Sand Crabs batting - Pitching for Tampa Twisters : LHP Bob Kipper
|
|
Batting: RHB Stephen Turgeon
|
0-0: Ball 1-0: Called Strike 1-1: SINGLE (Flyball, 9LS, EV 90.0 MPH)
|
|
Batting: RHB Stephen Fleming
|
0-0: Ball 1-0: Called Strike 1-1: Ball 2-1: Called Strike 2-2: Ball 3-2: Fly out, F8 (Line Drive, 8LD, EV 96.3 MPH)
|
|
Batting: LHB Dave Montanari
|
0-0: Ball 1-0: Fielders Choice at 2nd, 4-6 (Groundball, 4, EV 84.4 MPH)
|
|
Batting: RHB Cayetano Cadahia
|
0-0: Swinging Strike 0-1: Foul Ball, location: 2F 0-2: Ball 1-2: Fly out, F9 (Flyball, 9, EV 89.4 MPH)
|
| Bottom of the 2nd over - 0 runs, 1 hit, 0 errors, 1 left on base; Tampa 1 - Galveston 0 |
| TOP OF THE 3RD |
|
Tampa Twisters batting - Pitching for Galveston Sand Crabs : LHP Jose Alvarez
|
|
Batting: RHB John Hotchkiss
|
0-0: Ball 1-0: Foul Ball, location: 2F 1-1: Fly out, F9 (Flyball, 9S, EV 85.6 MPH)
|
|
Batting: RHB Andres Thomas
|
0-0: Called Strike 0-1: Called Strike 0-2: Ball 1-2: Foul Ball, location: 2F 1-2: DOUBLE (Flyball, 8RD, EV 95.6 MPH)
|
|
Batting: RHB Jim Olander
|
0-0: Fly out, F8 (Flyball, 8LM, EV 91.9 MPH)
|
|
Batting: RHB Benito Santiago
|
0-0: Ball 1-0: Fly out, F8 (Line Drive, 8RD, EV 106.3 MPH)
|
| Top of the 3rd over - 0 runs, 1 hit, 0 errors, 1 left on base; Tampa 1 - Galveston 0 |
| BOTTOM OF THE 3RD |
|
Galveston Sand Crabs batting - Pitching for Tampa Twisters : LHP Bob Kipper
|
|
Batting: SHB Ricardo Rivera
|
0-0: Swinging Strike 0-1: Ball 1-1: Called Strike 1-2: SINGLE (Flyball, 6D, EV 94.4 MPH)
|
|
Batting: RHB Wil Muela
|
0-0: Ball Ricardo Rivera steals 2nd base 1-0: Ball Ricardo Rivera is caught stealing 3rd base 2-5 2-0: Called Strike 2-1: Ground out U3 (Groundball, 34S, EV 83.8 MPH)
|
|
Batting: LHB David Dyrek
|
0-0: Ball 1-0: Ball 2-0: Foul Ball, location: 2F 2-1: Called Strike 2-2: Ball 3-2: Ground out 4-3 (Groundball, 4M, EV 83.1 MPH)
|
| Bottom of the 3rd over - 0 runs, 1 hit, 0 errors, 0 left on base; Tampa 1 - Galveston 0 |
| TOP OF THE 4TH |
|
Tampa Twisters batting - Pitching for Galveston Sand Crabs : LHP Jose Alvarez
|
|
Batting: SHB Jack Daugherty
|
0-0: Ball 1-0: Swinging Strike 1-1: Foul Ball, location: 2F 1-2: Ball 2-2: Ball 3-2: Base on Balls
|
|
Batting: LHB Jordan Berge
|
0-0: Foul Ball, location: 2F 0-1: Swinging Strike Jack Daugherty steals 2nd base 0-2: Foul Ball, location: 2F 0-2: Ball 1-2: Foul Ball, location: 2F 1-2: Fly out, F7 (Line Drive, 7, EV 82.5 MPH)
|
|
Batting: RHB Willie Ward
|
0-0: Swinging Strike 0-1: Ball 1-1: Called Strike 1-2: Fly out, F9 (Flyball, 9LS, EV 81.3 MPH)
|
|
Batting: LHB John Randolph
|
0-0: Ball 1-0: Foul Ball, location: 2F 1-1: Ball 2-1: Foul Ball, location: 2F 2-2: Foul Ball, location: 2F 2-2: Ball 3-2: Strikes out swinging
|
| Top of the 4th over - 0 runs, 0 hits, 0 errors, 1 left on base; Tampa 1 - Galveston 0 |
| BOTTOM OF THE 4TH |
|
Galveston Sand Crabs batting - Pitching for Tampa Twisters : LHP Bob Kipper
|
|
Batting: SHB Darryl Wilks
|
0-0: Ball 1-0: Ball 2-0: Called Strike 2-1: Foul Ball, location: 2F 2-2: Ground out 2-3 (Groundball, 15S, EV 67.5 MPH)
|
|
Batting: LHB Van Snider
|
0-0: Swinging Strike 0-1: Ball 1-1: Reached on error, E3 (Groundball, 3, EV 105.0 MPH)
|
|
Batting: RHB Stephen Turgeon
|
0-0: Called Strike 0-1: Ball 1-1: Ball 2-1: Fly out, F9 (Line Drive, 9D, EV 90.0 MPH)
|
|
Batting: RHB Stephen Fleming
|
Pickoff Throw to First - Error! E1 Van Snider to second 0-0: Ball 1-0: Ball 2-0: Called Strike 2-1: Called Strike 2-2: Foul Ball, location: 2F 2-2: Ball 3-2: Foul Ball, location: 2F 3-2: 2-RUN HOME RUN (Flyball, 9D, EV 107.5 MPH), Distance : 359 ft
|
|
Batting: LHB Dave Montanari
|
0-0: Foul Ball, location: 2F 0-1: Foul Ball, location: 2F 0-2: Ground out 5-3 (Groundball, 56, EV 81.9 MPH)
|
| Bottom of the 4th over - 2 runs, 1 hit, 2 errors, 0 left on base; Tampa 1 - Galveston 2 |
| TOP OF THE 5TH |
|
Tampa Twisters batting - Pitching for Galveston Sand Crabs : LHP Jose Alvarez
|
|
Batting: LHB Alex Castaneda
|
0-0: Ball 1-0: Ball 2-0: Ball 3-0: Called Strike 3-1: Called Strike 3-2: Foul Ball, location: 2F 3-2: Fly out, F8 (Flyball, 8LS, EV 91.9 MPH)
|
|
Batting: RHB John Hotchkiss
|
0-0: Ball 1-0: Foul Ball, location: 2F 1-1: Ground out 6-3 (Groundball, 6, EV 81.9 MPH)
|
|
Batting: RHB Andres Thomas
|
0-0: Ball 1-0: Called Strike 1-1: SINGLE (Groundball, 34D, EV 99.4 MPH) (infield hit)
|
|
Batting: RHB Jim Olander
|
0-0: Ball 1-0: SINGLE (Flyball, 4D, EV 80.6 MPH) Andres Thomas to second Runner from 2nd tries for 3rd, SAFE, no throw by CF
|
|
Batting: RHB Benito Santiago
|
0-0: Ball 1-0: Ball 2-0: Called Strike 2-1: Fly out, F9 (Flyball, 89D, EV 101.3 MPH)
|
| Top of the 5th over - 0 runs, 2 hits, 0 errors, 2 left on base; Tampa 1 - Galveston 2 |
| BOTTOM OF THE 5TH |
|
Galveston Sand Crabs batting - Pitching for Tampa Twisters : LHP Bob Kipper
|
|
Batting: RHB Cayetano Cadahia
|
0-0: Ball 1-0: Ball 2-0: Ground out 6-3 (Groundball, 56, EV 78.8 MPH)
|
|
Batting: SHB Ricardo Rivera
|
0-0: Called Strike 0-1: Ground out 6-3 (Groundball, 6, EV 87.5 MPH)
|
|
Batting: RHB Wil Muela
|
0-0: SINGLE (Flyball, 3D, EV 90.0 MPH)
|
|
Batting: LHB David Dyrek
|
0-0: Called Strike 0-1: Ball 1-1: Ball 2-1: Foul Ball, location: 2F 2-2: Ball 3-2: Ground out 4-3 (Groundball, 34, EV 77.5 MPH)
|
| Bottom of the 5th over - 0 runs, 1 hit, 0 errors, 1 left on base; Tampa 1 - Galveston 2 |
| TOP OF THE 6TH |
|
Tampa Twisters batting - Pitching for Galveston Sand Crabs : LHP Jose Alvarez
|
|
Batting: SHB Jack Daugherty
|
0-0: Ball 1-0: Ball 2-0: Foul Ball, location: 2F 2-1: Ball 3-1: DOUBLE (Line Drive, 9LS, EV 97.5 MPH)
|
|
Batting: LHB Jordan Berge
|
0-0: Foul Ball, location: 2F 0-1: Ground out 1-3 (Groundball, 34S, EV 69.4 MPH) Jack Daugherty to third
|
|
Batting: RHB Willie Ward
|
0-0: Swinging Strike 0-1: Ball 1-1: Swinging Strike 1-2: Strikes out swinging
|
|
Batting: LHB John Randolph
|
0-0: Ball 1-0: TRIPLE (Flyball, 9D, EV 98.1 MPH) Jack Daugherty scores
|
|
Batting: LHB Alex Castaneda
|
0-0: Ball 1-0: Called Strike 1-1: Ball 2-1: Foul Ball, location: 2F 2-2: Foul Ball, location: 2F 2-2: Fly out, F8 (Flyball, 8LS, EV 96.9 MPH)
|
| Top of the 6th over - 1 run, 2 hits, 0 errors, 1 left on base; Tampa 2 - Galveston 2 |
| BOTTOM OF THE 6TH |
|
Galveston Sand Crabs batting - Pitching for Tampa Twisters : LHP Bob Kipper
|
|
Batting: SHB Darryl Wilks
|
0-0: Called Strike 0-1: Ball 1-1: Ball 2-1: Ball 3-1: Base on Balls
|
|
Batting: LHB Van Snider
|
0-0: Ball 1-0: Called Strike 1-1: Fielders Choice at 2nd, 6-4 (Groundball, 6, EV 78.8 MPH)
|
|
Batting: RHB Stephen Turgeon
|
0-0: Ball 1-0: Fly out, F4 (Popup, 34, EV 71.9 MPH)
|
|
Batting: RHB Stephen Fleming
|
0-0: Ball 1-0: Foul Ball, location: 2F 1-1: Ball 2-1: DOUBLE (Line Drive, 7LM, EV 96.3 MPH) Van Snider to third Runner from 3rd tries for Home, SAFE, no throw by LF
|
|
Batting: LHB Dave Montanari
|
0-0: Called Strike 0-1: Ball 1-1: Fly out, F5 (Popup, 5SF, EV 81.9 MPH)
|
| Bottom of the 6th over - 1 run, 1 hit, 0 errors, 1 left on base; Tampa 2 - Galveston 3 |
| TOP OF THE 7TH |
|
Tampa Twisters batting - Pitching for Galveston Sand Crabs : LHP Jose Alvarez
|
|
Batting: RHB John Hotchkiss
|
0-0: Foul Ball, location: 2F 0-1: Ball 1-1: Called Strike 1-2: Strikes out swinging
|
|
Batting: RHB Andres Thomas
|
0-0: Ball 1-0: Ball 2-0: Ground out U3 (Groundball, 34, EV 90.6 MPH)
|
|
Batting: RHB Jim Olander
|
0-0: Ball 1-0: Ball 2-0: SOLO HOME RUN (Flyball, 7D, EV 113.8 MPH), Distance : 377 ft
|
|
Batting: RHB Benito Santiago
|
0-0: Foul Ball, location: 2F 0-1: Fly out, F8 (Flyball, 8LM, EV 81.3 MPH)
|
| Top of the 7th over - 1 run, 1 hit, 0 errors, 0 left on base; Tampa 3 - Galveston 3 |
| BOTTOM OF THE 7TH |
|
Galveston Sand Crabs batting - Pitching for Tampa Twisters : LHP Bob Kipper
|
|
Batting: RHB Cayetano Cadahia
|
0-0: Ball 1-0: Ground out 6-3 (Groundball, 6D, EV 91.9 MPH)
|
|
Batting: SHB Ricardo Rivera
|
0-0: Ball 1-0: Called Strike 1-1: Ground out 6-3 (Groundball, 6, EV 85.6 MPH)
|
|
Batting: RHB Wil Muela
|
0-0: Ball 1-0: Ball 2-0: Fly out, F7 (Flyball, 7, EV 85.0 MPH)
|
| Bottom of the 7th over - 0 runs, 0 hits, 0 errors, 0 left on base; Tampa 3 - Galveston 3 |
| TOP OF THE 8TH |
|
Tampa Twisters batting - Pitching for Galveston Sand Crabs : LHP Jose Alvarez
|
|
Batting: SHB Jack Daugherty
|
0-0: Ball 1-0: Swinging Strike 1-1: Called Strike 1-2: Strikes out swinging
|
|
Batting: LHB Jordan Berge
|
0-0: Ball 1-0: Ball 2-0: Ball 3-0: Base on Balls
|
|
Batting: RHB Willie Ward
|
0-0: Ball 1-0: Swinging Strike 1-1: Swinging Strike 1-2: Strikes out swinging
|
|
Batting: LHB John Randolph
|
0-0: Called Strike 0-1: Foul Ball, location: 2F 0-2: Ground out U3 (Groundball, 3, EV 83.1 MPH)
|
| Top of the 8th over - 0 runs, 0 hits, 0 errors, 1 left on base; Tampa 3 - Galveston 3 |
| BOTTOM OF THE 8TH |
|
Galveston Sand Crabs batting - Pitching for Tampa Twisters : LHP Bob Kipper
|
|
Batting: LHB David Dyrek
|
0-0: Ball 1-0: Ball 2-0: Called Strike 2-1: Called Strike 2-2: Ball 3-2: Foul Ball, location: 2F 3-2: Base on Balls
|
|
Pitching: RHP Kevin Gordon
|
|
|
Batting: SHB Darryl Wilks
|
0-0: Called Strike 0-1: Called Strike 0-2: Ball 1-2: Ball 2-2: Strikes out swinging David Dyrek steals 2nd base Batter strikes out.
|
|
Batting: LHB Van Snider
|
0-0: Intentional Walk
|
|
Batting: RHB Stephen Turgeon
|
0-0: Ball 1-0: Ball 2-0: Called Strike 2-1: Ball 3-1: Foul Ball, location: 2F 3-2: Foul Ball, location: 2F 3-2: Base on Balls David Dyrek to third Van Snider to second
|
|
Batting: RHB Stephen Fleming
|
0-0: Foul Ball, location: 2F 0-1: Foul Ball, location: 2F 0-2: Strikes out looking
|
|
Batting: LHB Dave Montanari
|
0-0: Ball 1-0: Swinging Strike 1-1: Ground out 4-3 (Groundball, 4, EV 80.6 MPH)
|
| Bottom of the 8th over - 0 runs, 0 hits, 0 errors, 3 left on base; Tampa 3 - Galveston 3 |
| TOP OF THE 9TH |
|
Tampa Twisters batting - Pitching for Galveston Sand Crabs : LHP Jose Alvarez
|
|
Pitching: RHP Xavier Tovar
|
|
|
Batting: LHB Alex Castaneda
|
0-0: Called Strike 0-1: Called Strike 0-2: Ball 1-2: Foul Ball, location: 2F 1-2: Strikes out swinging
|
|
Batting: RHB John Hotchkiss
|
0-0: Called Strike 0-1: Swinging Strike 0-2: Ball 1-2: Ball 2-2: Ball 3-2: Base on Balls
|
|
Pinch Hitting: LHB Jose Tolentino
|
0-0: Ball 1-0: Called Strike 1-1: Foul Ball, location: 2F 1-2: Strikes out swinging
|
|
Batting: RHB Jim Olander
|
0-0: Called Strike Pickoff Throw to First - Error! E1 John Hotchkiss to second 0-1: Called Strike 0-2: Foul Ball, location: 2F 0-2: Strikes out swinging
|
| Top of the 9th over - 0 runs, 0 hits, 1 error, 1 left on base; Tampa 3 - Galveston 3 |
| BOTTOM OF THE 9TH |
|
Galveston Sand Crabs batting - Pitching for Tampa Twisters : RHP Kevin Gordon
|
|
Now at SS: Terry Strickland
|
|
|
Batting: RHB Cayetano Cadahia
|
0-0: Ball 1-0: Ball 2-0: Ball 3-0: Called Strike 3-1: Base on Balls
|
|
Batting: SHB Ricardo Rivera
|
0-0: Ball 1-0: Ball 2-0: Bunted foul 2-1: Sac Bunt to 5S - play at second, runner OUT! 5-6
|
|
Batting: RHB Wil Muela
|
0-0: Ball 1-0: Called Strike 1-1: Ball 2-1: Foul Ball, location: 2F 2-2: Strikes out looking
|
|
Batting: LHB David Dyrek
|
0-0: Called Strike Ricardo Rivera steals 2nd base (no throw) 0-1: Ball 1-1: Intentional Walk
|
|
Pitching: RHP Adrian Meagher
|
|
|
Batting: SHB Darryl Wilks
|
0-0: Ball 1-0: Called Strike 1-1: Called Strike 1-2: Foul Ball, location: 2F 1-2: Foul Ball, location: 2F 1-2: Foul Ball, location: 2F 1-2: Ball 2-2: Ground out U3 (Groundball, 3L, EV 85.0 MPH)
|
| Bottom of the 9th over - 0 runs, 0 hits, 0 errors, 2 left on base; Tampa 3 - Galveston 3 |
| TOP OF THE 10TH |
|
Tampa Twisters batting - Pitching for Galveston Sand Crabs : RHP Xavier Tovar
|
|
Pinch Hitting: LHB Trench Davis
|
0-0: Called Strike 0-1: Foul Ball, location: 2F 0-2: Ball 1-2: Ball 2-2: Strikes out swinging
|
|
Batting: SHB Jack Daugherty
|
0-0: Ball 1-0: Called Strike 1-1: Swinging Strike 1-2: Ball 2-2: Strikes out looking
|
|
Batting: LHB Jordan Berge
|
0-0: Foul Ball, location: 2F 0-1: Ball 1-1: Ball 2-1: DOUBLE (Line Drive, 78XD, EV 110.0 MPH)
|
|
Pinch Hitting: LHB Mike Gatlin
|
0-0: Ball 1-0: Called Strike 1-1: Ball 2-1: Ball 3-1: Base on Balls
|
|
Pinch Runner at 2nd Junior Noboa:
|
|
|
Batting: LHB John Randolph
|
0-0: Ball 1-0: Ball 2-0: Ball 3-0: Base on Balls Junior Noboa to third Mike Gatlin to second
|
|
Batting: LHB Alex Castaneda
|
0-0: Ball 1-0: Ball 2-0: Ground out 3-1 (Groundball, 34, EV 88.8 MPH)
|
| Top of the 10th over - 0 runs, 1 hit, 0 errors, 3 left on base; Tampa 3 - Galveston 3 |
| BOTTOM OF THE 10TH |
|
Galveston Sand Crabs batting - Pitching for Tampa Twisters : RHP Adrian Meagher
|
|
Pitching: RHP Dave Harman
|
|
|
Now at C: Russell Hilgenkamp
|
|
|
Now at 1B: Trench Davis
|
|
|
Now in CF: Dave Klipstein
|
|
|
Batting: LHB Van Snider
|
0-0: Ball 1-0: Ball 2-0: SOLO HOME RUN (Flyball, 9LD, EV 96.3 MPH), Distance : 368 ft
|
| Bottom of the 10th over - 1 run, 1 hit, 0 errors, 0 left on base; Tampa 3 - Galveston 4 |
|